cohdb
Replays
Latest Replays
All Replays
Popular Replays
Top Player Replays
Match Explorer
How It Works
Community
CoH3 Stats
Reddit
Sign in to upload your games and track your stats! →
Sign in with Steam
Match 43613907
Unlisted
Match 43613907
Overview
Messages
Build Orders
End
Construct Infanterie Kompanie
Grenadier Squad
GrW 34 Mortar Team
Grenadier Squad
Construct Luftwaffe Kompanie
Selects Breakthrough Battlegroup
Selects Assault Grenadiers
Jäger Squad
Support Elements
Marder III M Tank Destroyer
Flak 30 Anti-aircraft Gun Team
Marder III M Tank Destroyer
Wirbelwind Flakpanzer
MG 42 Bunker
Side Skirts
Pioneer Squad
Medical Bunker
Selects 2.5-tonne Cargo Truck
Selects Blitzkrieg
2.5-tonne Cargo Truck
Heinz Boofinschmirtz
Slicky Cheese
Domino♿ 🚮
Seweryn
JollyRedRockett
FrozenTEARz
0
0
Comments
sign in to comment!
No comments posted yet!